 Dungeon Crawl Stone Soup version 0.17-a0-968-gf8e1f1d (webtiles) character file.

130 orthagh the Skirmisher (level 5, -11/42 HPs)
             Began as a Human Wanderer on May 9, 2015.
             Was an Initiate of Okawaru.
             Mangled by an ogre
             ... wielding a +0 giant club
              (21 damage)
             ... on level 5 of the Dungeon.
             The game lasted 00:16:45 (2040 turns).

orthagh the Skirmisher (Human Wanderer)             Turns: 2040, Time: 00:16:45

Health: -11/42     AC: 10    Str: 13    XL:     5   Next: 36%
Magic:  5/5        EV: 11    Int:  7    God:    Okawaru [......]
Gold:   165        SH:  0    Dex: 13    Spells: 0 memorised, 4 levels left

rFire  . . .     SeeInvis .     i - +1 flail (protect)
rCold  . . .     Clarity  .     d - +0 ring mail
rNeg   . . .     SustAb   .     (no shield)
rPois  .         Gourm    .     (no helmet)
rElec  .         Spirit   .     (no cloak)
rCorr  .         Warding  .     (no gloves)
rMut   .         Stasis   .     (no boots)
MR     .....                    (no amulet)
Stlth  +.........               o - -5 ring of intelligence (curse)
                                j - ring of wizardry

@: not resistant to hostile enchantments, very unstealthy
A: no striking features
a: Renounce Religion


You were on level 5 of the Dungeon.
You worshipped Okawaru.
Okawaru was noncommittal.
You were not hungry.

You visited 1 branch of the dungeon, and saw 4 of its levels.

You collected 165 gold pieces.

Inventory:

Hand weapons
 a - a +2 hand axe
 b - a +0 falchion
 i - a +1 flail of protection (weapon)
 q - a +0 spear
 s - a +0 blowgun
 v - a +2 spear of venom
Missiles
 t - 22 poisoned needles
 u - 5 tomahawks (quivered)
Armour
 d - a +0 ring mail (worn)
 h - a +0 robe
Jewellery
 j - a ring of wizardry (left hand)
 o - a cursed -5 ring of intelligence (right hand)
Scrolls
 m - a scroll of random uselessness {unknown}
 r - a scroll of identify
Potions
 c - 4 potions of curing
 f - a potion of lignification {unknown}
 g - 3 potions of heal wounds
 k - a potion of invisibility {unknown}
 p - 2 potions of poison {unknown}
Comestibles
 e - a bread ration
 l - a slice of pizza
 n - 2 beef jerkies


   Skills:
 + Level 3.9 Fighting
 + Level 2.1 Long Blades
 + Level 1.4(1.6) Axes
 + Level 1.2(1.5) Maces & Flails
 + Level 1.0 Throwing
 + Level 3.2 Armour
 + Level 1.7 Dodging
 + Level 1.1 Stealth


You had 4 spell levels left.
You didn't know any spells.

Dungeon Overview and Level Annotations

Branches:
Dungeon (5/15)
 Temple: D:4-7

Altars:
Elyvilon
Okawaru


Message History

The ogre is lightly wounded.
The ogre closely misses you.
You barely miss the ogre.
The ogre is lightly wounded.
The ogre hits you with a giant club!
You sock the ogre!
The ogre is heavily wounded.
The ogre closely misses you.
Your ring mail prevents you from hitting the ogre.
The ogre is heavily wounded.
The ogre hits you with a giant club!!
Ouch! That really hurt!
* * * LOW HITPOINT WARNING * * *
You feel much better. The ogre hits you with a giant club!
* * * LOW HITPOINT WARNING * * *
You barely miss the ogre.
The ogre is heavily wounded.
The ogre hits you with a giant club!!
Ouch! That really hurt!
You die...

...... .#.#.#.
.......
...⌠...##
_.......#####
...⌠........##
.......%.....##
#.#.#O@......##
...............#
######........##
##......##
#.###### ....
###.# ..[ ..


You could see an ogre.

Vanquished Creatures
  An orc wizard (D:3)
  4 adders (D:3)
  A worm (D:3)
  5 orcs (D:3)
  A ball python (D:1)
  8 bats
  3 giant cockroaches
  3 goblins
  7 hobgoblins
  2 jackals (D:2)
  7 kobolds
  2 quokkas
  A giant gecko (D:1)
  2 giant newts (D:2)
  A jackal zombie (D:5)
  8 rats
56 creatures vanquished.

Vanquished Creatures (others)
  A worm (D:3)
1 creature vanquished.

Grand Total: 57 creatures vanquished

Notes
Turn   | Place    | Note
--------------------------------------------------------------
     0 | D:1      | orthagh, the Human Wanderer, began the quest for the Orb.
     0 | D:1      | orthagh set off with: a +2 hand axe, a +0 falchion, a potion of curing, a +0 robe, a bread ration
     0 | D:1      | Reached XP level 1. HP: 18/18 MP: 1/1
   194 | D:1      | Reached XP level 2. HP: 24/24 MP: 2/2
   627 | D:1      | Reached XP level 3. HP: 28/30 MP: 3/3
   972 | D:2      | Found an iron altar of Okawaru.
   987 | D:2      | Became a worshipper of Warmaster Okawaru
  1554 | D:3      | Reached skill level 1 in Dodging
  1588 | D:3      | Reached XP level 4. HP: 35/37 MP: 4/4
  1941 | D:3      | Reached XP level 5. HP: 39/42 MP: 5/5
  1950 | D:3      | Reached skill level 1 in Maces & Flails
  2017 | D:3      | You fall through a shaft for 2 floors!
  2017 | D:5      | Entered Level 5 of the Dungeon
  2030 | D:5      | Noticed an ogre
  2031 | D:5      | Found a white marble altar of Elyvilon.
  2038 | D:5      | HP: 1/42 [ogre/giant club (28)]
  2040 | D:5      | Mangled by an ogre

Action                   |  1- 3 |  4- 6 || total
-------------------------+-------+-------++-------
Melee: Hand axe          |    88 |       ||    88
       Flail             |    14 |    71 ||    85
  Use: Scroll            |       |     4 ||     4
       Potion            |       |     1 ||     1
  Eat: Chunk             |     2 |     2 ||     4
